 Dungeon Crawl Stone Soup version 0.30.0-5-g1a98f26d00 (webtiles) character file.

Game seed: 17204401928746980975

43 zlionsfan the Stinger (level 3, 0/20 HPs)
             Began as a Tengu Venom Mage on May 10, 2023.
             Slain by a hobgoblin (5 damage)
             ... led by Robin
             ... on level 2 of the Dungeon.
             The game lasted 00:03:15 (1204 turns).

zlionsfan the Stinger (Tengu Venom Mage)            Turns: 1204, Time: 00:03:16

Health: 0/20       AC:  3    Str:  8    XL:     3   Next: 58%
Magic:  3/7        EV: 12    Int: 17    God:
Gold:   74         SH:  0    Dex: 14    Spells: 3/6 levels left

rFire   . . .        c - +0 whip
rCold   . . .        (no shield)
rNeg    . . .        a - +0 robe
rPois   .            (helmet restricted)
rElec   .            f - +0 cloak
rCorr   .            (no gloves)
SInv    .            (boots unavailable)
Will    .....        (no amulet)
Stlth   ++           (no ring)
HPRegen 0.23/turn    (no ring)
MPRegen 0.10/turn

%: no passive effects
@: no status effects
A: beak, talons 3
a: no special abilities


You were on level 2 of the Dungeon.
You visited 1 branch of the dungeon, and saw 2 of its levels.

You collected 74 gold pieces.

Inventory:

Hand Weapons
 c - a +0 whip (weapon)
Armour
 a - a +0 robe (worn)
 f - a +0 cloak (worn)
Scrolls
 e - a scroll of blinking {unknown}
 h - a scroll of immolation {unknown}
 j - a scroll of teleportation {unknown}
Potions
 b - a potion of magic
 g - a potion of cancellation {unknown}
 i - a potion of ambrosia {unknown}
 k - a potion of berserk rage {unknown}


   Skills:
 * Level 0.8 Fighting
 + Level 2.2 Dodging
 + Level 2.2 Stealth
 * Level 2.3 Spellcasting
 + Level 1.0 Transmutations
 * Level 3.7 Poison Magic


You had 3 spell levels left.
You knew the following spells:

 Your Spells              Type           Power      Damage    Failure   Level
a - Sting                 Tmut/Pois      40%        1d5       7%          1
b - Poisonous Vapours     Pois/Air       16%        N/A       13%         2

Your spell library contained the following spells:

 Spells                   Type           Power      Damage    Failure   Level
 Mephitic Cloud           Conj/Pois/Air  6%         N/A       32%         3
 Olgreb's Toxic Radiance  Pois           14%        N/A       36%         4


Dungeon Overview and Level Annotations

Branches:
Dungeon (2/15)

Altars:

Annotations:
D:2 Robin


Innate Abilities, Weirdness & Mutations

You have a beak for a mouth.
You have claws for feet.


Message History

The goblin attacks as you move away! The goblin hits you with a +0 club.
A goblin comes into view. It is wielding a +0 club.
It was a potion of curing.
You feel better. The goblin hits you with a +0 club.
Robin flexes a bicep menacingly.
Robin hits you but does no damage.
Casting: Sting (safe; 7% risk of failure)
Confirm with . or Enter, or press ? or * to list all spells.
Aiming: Sting (safe; 7% risk of failure)
Press: ? - help, Shift-Dir - straight line, f/p - goblin
Aim: a goblin, wielding a +0 club (strong, 64% to hit)
The sting hits the goblin.
The goblin is poisoned.
The goblin is severely wounded.
You kill the goblin!
Robin hits you from afar with a +0 spear.
* * * LOW HITPOINT WARNING * * *
Your magical contamination has completely faded away.
The hobgoblin attacks as you move away!
The hobgoblin hits you but does no damage.
The hobgoblin no longer looks unusually strong.
Robin roars a battlecry!
The hobgoblin goes into a battle-frenzy!
You hear a shout! x2
The hobgoblin attacks as you move away! The hobgoblin hits you.
* * * LOW HITPOINT WARNING * * *
The hobgoblin attacks as you move away! The hobgoblin hits you.
* * * LOW HITPOINT WARNING * * *
The hobgoblin attacks as you move away! The hobgoblin misses you.
A goblin comes into view. It is wielding a +0 club.
The goblin shouts!
Things that are here:
a +0 dagger; a kobold skeleton; an adder skeleton
Casting: Sting (safe; 7% risk of failure)
Confirm with . or Enter, or press ? or * to list all spells.
Aiming: Sting (safe; 7% risk of failure)
Press: ? - help, Shift-Dir - straight line, f - hobgoblin
Aim: a hobgoblin (strong, 71% to hit)
The sting hits the hobgoblin.
The hobgoblin is poisoned.
The hobgoblin is lightly wounded.
The hobgoblin hits you.
You die...

###############
#.............#######
#.#####.............#
#.#####.####........#
#....................
#.#####.#####.####..
#.##....g.lg@<.#
#.##.##g#####..#
#.##.##.# ##..#
#.##.##l####...##
#g#g..#
#......g........#
..#...#
#.##.....g...gg.#
#.#...#
#.##.##..##g#...#
#.#g..#
#.##.##..###...##
#.#...# #.##.##..#
#g.# #.#)..#


You could see Robin, 2 hobgoblins, 2 goblins and a frilled lizard.

Vanquished Creatures
  An adder (D:2)
  3 dart slugs (D:1)
  5 ball pythons
  2 endoplasms (D:1)
  2 giant cockroaches
  4 goblins
  2 hobgoblins
  2 kobolds
  A quokka (D:1)
  A bat (D:1)
  A frilled lizard (D:1)
24 creatures vanquished.

Notes
Turn   | Place    | Note
-------+----------+-------------------------------------------
     0 | D:1      | zlionsfan the Tengu Venom Mage began the quest for the Orb.
     0 | D:1      | Reached XP level 1. HP: 10/10 MP: 4/4
   204 | D:1      | Reached XP level 2. HP: 8/16 MP: 3/6
   393 | D:1      | Reached skill level 1 in Transmutations
   771 | D:1      | Reached XP level 3. HP: 20/20 MP: 5/7
   774 | D:1      | Learned a level 2 spell: Poisonous Vapours
  1099 | D:2      | Noticed Robin
  1204 | D:2      | Slain by a hobgoblin

Illustrated notes

Levels and vault maps discovered:
D:1:      nicolae_arrival_memento_mori, layout_basic, corexii_corridor_pit
D:2:      layout_loops_ring, basic_altar, serial_shops, shop, uniq_natasha,
          uniq_robin

Skill      XL: |  1  2 |
---------------+-------+-----
Transmutations | 1 |  1.0
Fighting       | |  0.8
Dodging        | |  2.2
Stealth        | |  2.2
Spellcasting   | |  2.3
Poison Magic   | |  3.7

Action                     || total
---------------------------++-------
  Melee: Whip              ||    23
         Kick              ||     4
         Peck              ||     1
   Cast: Sting             ||    31
         Poisonous Vapours ||     1
    Use: Potion            ||     1
 Armour: Robe              ||     9
  Dodge: Dodged            ||    24
